 Dungeon Crawl Stone Soup version 0.15.1-2-g8fbdab7 (webtiles) character file.

1081 DrPain the Nimble (level 8, -4/39 HPs)
             Began as a Spriggan Assassin on Oct 1, 2014.
             Killed by divine providence
             ... invoked by an orc priest
              (15 damage)
             ... on Level 4 of the Dungeon.
             The game lasted 00:11:46 (5348 turns).

DrPain the Nimble (Spriggan Assassin)               Turns: 5348, Time: 00:11:46

HP  -4/39        AC  5     Str  8      XL: 8   Next:  8%
MP  16/16        EV 23     Int 15      God:
Gold 199         SH  0     Dex 16      Spells:  0 memorised,  7 levels left

rFire  . . .     SeeInvis +     w - +2 dagger (freeze)
rCold  . . .     Clarity  .     l - +1 robe {rN+}
rNeg   + . .     rCorr    .     (shield restricted)
rPois  .         rRot     .     (helmet restricted)
rElec  .         Spirit   .     d - +0 cloak
SustAb .         Warding  .     (gloves unavailable)
rMut   .         Stasis   .     (boots unavailable)
Gourm  .                        (no amulet)
MR     +....                    (no ring)
                                (no ring)

@: very quick, somewhat resistant to hostile enchantments, stealthy
A: unfitting armour, see invisible, clever 1, clumsy 1, herbivore 3, speed 3,
shaggy fur 1, slow metabolism 2
a: no special abilities


You were on level 4 of the Dungeon.
You were not hungry.

You visited 1 branch of the dungeon, and saw 4 of its levels.

You collected 199 gold pieces.

Inventory:

Hand weapons
 f - a +0 blowgun
 w - a +2 dagger of freezing (weapon)
Missiles
 a - 131 stones (quivered)
 b - 2 curare-tipped needles
 e - 24 poisoned needles
 h - 2 steel tomahawks
Armour
 d - a +0 cloak (worn)
 l - a +1 robe of positive energy (worn)
Comestibles
 i - a royal jelly
 k - a slice of pizza
Jewellery
 m - an uncursed ring of flight
Potions
 g - a potion of curing
 j - a potion of lignification


   Skills:
 + Level 1.8 Fighting
 - Level 8.3 Short Blades
 - Level 2.1 Throwing
 - Level 8.5 Dodging
 - Level 5.8 Stealth


You had 7 spell levels left.
You didn't know any spells.

Dungeon Overview and Level Annotations

Branches:
Dungeon (4/15)
 Temple: D:4-7

Altars:
Sif Muna
Trog


Innate Abilities, Weirdness & Mutations

You are tiny and cannot use many weapons and most armour.
You have supernaturally acute eyesight.
You are a herbivore.
You cover ground extremely quickly.
You need consume almost no food.
Your mind is acute. (Int +2)
You are clumsy. (Dex -2)
You are covered in fur (AC +1).


Message History

The orc priest mumbles some strange prayers to Beogh against you.
Something smites you!
* * * LOW HITPOINT WARNING * * *
You are too injured to fight recklessly!
You are too injured to fight recklessly!
You hit the orc priest but do no damage.
The orc priest is severely wounded.
You hit the orc priest but do no damage.
The orc priest is severely wounded.
The orc priest hits you but does no damage.
You hit the orc priest. You freeze the orc priest.
The orc priest is almost dead.
You hit the orc priest but do no damage.
The orc priest is almost dead.
The orc priest looks braver.
You hit the orc priest but do no damage.
The orc priest is almost dead.
The orc priest invokes the aid of Beogh against you.
Something smites you!
You die...

#'####.......##..................
#.# #.......##......#######.....
#.# #......########## #..... #'##
#......# #....# ####..
...###......#####....##### ###
...+......)...........>..#######
...####.###....................#
...##.#.###..#.#.o#............#
##.##.#.........@.##...........##
#%##.#........#..##.....###.....
##....#...........######## ###.#.
......#......#.##.# #######.#.
#.###.#......#.##.# #.....#.#[
......#......#.##.######'#...#.[.
...####.###.......#........#.###.
........# #..#....[..............
...o...####...............##.#.##


You could see an orc priest.

Vanquished Creatures
  Pikel (D:4)
  3 slaves (D:4)
  An ogre (D:4)
  The ghost of DrPain the Sneak, an average SpAs (D:3)
  A crimson imp (D:3)
  6 orc wizards
  Crazy Yiuf (D:2)
  A gnoll shaman (D:4)
  An iguana (D:3)
  A worker ant (D:4)
  4 adders
  4 gnolls (D:4)
  2 worms (D:2)
  3 giant geckos
  10 orcs
  9 bats
  5 giant cockroaches
  9 hobgoblins
  7 kobolds
  3 quokkas
  A giant newt (D:4)
  10 goblins
  3 jackals (D:4)
  An orc skeleton (D:4)
  8 rats
96 creatures vanquished.

Notes
Turn   | Place    | Note
--------------------------------------------------------------
     0 | D:1      | DrPain, the Spriggan Assassin, began the quest for the Orb.
     0 | D:1      | Reached XP level 1. HP: 10/10 MP: 2/2
   159 | D:1      | Reached XP level 2. HP: 12/14 MP: 4/4
   501 | D:2      | Reached XP level 3. HP: 10/18 MP: 6/6
  1181 | D:2      | Reached XP level 4. HP: 11/22 MP: 8/8
  1729 | D:2      | Reached skill level 5 in Short Blades
  1775 | D:2      | Noticed Crazy Yiuf
  1782 | D:2      | Killed Crazy Yiuf
  2067 | D:3      | Reached XP level 5. HP: 22/25 MP: 10/10
  2183 | D:3      | Noticed DrPain's ghost (average SpAs)
  2210 | D:3      | Killed DrPain's ghost
  2210 | D:3      | Reached skill level 6 in Short Blades
  2464 | D:3      | Found a deep blue altar of Sif Muna.
  2589 | D:3      | Found a bloodstained altar of Trog.
  2820 | D:3      | Reached skill level 7 in Short Blades
  2820 | D:3      | Reached XP level 6. HP: 12/30 MP: 12/12
  3558 | D:4      | Reached skill level 8 in Short Blades
  3891 | D:3      | Reached XP level 7. HP: 31/33 MP: 14/14
  4492 | D:4      | Gained mutation: You are covered in fur (AC +1). [potion of mutation]
  4492 | D:4      | Gained mutation: Your mind is acute. (Int +2) [potion of mutation]
  4492 | D:4      | Gained mutation: You are clumsy. (Dex -2) [potion of mutation]
  4522 | D:4      | Noticed Pikel
  4936 | D:4      | Killed Pikel
  4936 | D:4      | Reached XP level 8. HP: 37/37 MP: 16/16
  5348 | D:4      | Killed from afar by an orc priest

Action                   |  1- 3 |  4- 6 |  7- 9 || total
-------------------------+-------+-------+-------++-------
Melee: Dagger            |    85 |   134 |   128 ||   347
 Fire: Blowgun           |     7 |     9 |    33 ||    49
Evoke: Wand              |       |       |     1 ||     1
  Use: Potion            |     2 |     5 |     1 ||     8
       Scroll            |     1 |     4 |       ||     5
 Stab: Sleeping          |     8 |     9 |     1 ||    18
       Distracted        |     2 |     2 |       ||     4
